 Dungeon Crawl Stone Soup version 0.28-a0-750-g7c675f85b1 (webtiles) character file.

Game seed: 13102714924496529918

42 flyleaff the Skirmisher (level 3, -5/33 HPs)
             Began as a Draconian Fighter on Oct 30, 2021.
             Was a Follower of Elyvilon.
             Slain by Sigmund (7 damage)
             ... on level 2 of the Dungeon.
             The game lasted 00:03:33 (1283 turns).

flyleaff the Skirmisher (Draconian Fighter)         Turns: 1283, Time: 00:03:33

Health: -5/33      AC:  5    Str: 19    XL:     3   Next: 33%
Magic:  0/3        EV: 12    Int:  8    God:    Elyvilon [*.....]
Gold:   56         SH:  0    Dex: 10    Spells: 2/2 levels left

rFire   . . .      SeeInvis .   a - +0 trident
rCold   . . .      Faith    .   b - +0 buckler
rNeg    . . .      Spirit   .   (armour unavailable)
rPois   .          Reflect  .   (helmet restricted)
rElec   .          Harm     .   (no cloak)
rCorr   .          Rampage  .   (no gloves)
Will    .....                   (no boots)
Stlth   +.........              (no amulet)
HPRegen 0.11/turn               (no ring)
MPRegen 0.08/turn               (no ring)

@: confused, brilliant, very slightly contaminated, invisible
A: AC +5, unfitting armour, cold-blooded
a: Renounce Religion, Lesser Healing, Divine Protection


You were on level 2 of the Dungeon.
You worshipped Elyvilon.
Elyvilon was aware of your devotion.
You visited 1 branch of the dungeon, and saw 2 of its levels.

You collected 84 gold pieces.
You spent 28 gold pieces at shops.

Inventory:

Hand Weapons
 a - a +0 trident (weapon)
Armour
 b - a +0 buckler (worn)


   Skills:
 + Level 3.6 Fighting
 * Level 2.9 Polearms
 + Level 3.0 Dodging
 + Level 3.3 Shields


You had 2 spell levels left.
You didn't know any spells.
Your spell library was empty.

Dungeon Overview and Level Annotations

Branches:
Dungeon (2/15)

Altars:
Elyvilon

Shops:
D:1 ?

Annotations:
D:2 Robin, Sigmund


Innate Abilities, Weirdness & Mutations

Your plain brown scales are hard. (AC +5)
You cannot fit into any form of body armour.
You are cold-blooded and may be slowed by cold attacks.


Message History

Something completely misses you.
Robin throws the goblin out of sight!
Something hits you.
You feel your power leaking away. The goblin hits you but does no damage.
Items here: ))) †.
You hit something. You tail-slap something. The goblin closely misses you.
Something hits you.
You closely miss something.
The hobgoblin no longer looks unusually strong.
The goblin hits you with a +0 club.
You closely miss the goblin. The goblin closely misses you.
Something completely misses you.
You barely miss the goblin. You block the goblin's attack.
You block something's attack.
Robin roars a battlecry!
The goblins go into a battle-frenzy!
The goblin hits you with a +0 club.
You closely miss the goblin.
Your tail-slap misses the goblin.
The goblin no longer looks unusually strong.
The hobgoblin no longer looks unusually strong.
Something hits you.
* * * LOW HITPOINT WARNING * * *
The goblin closely misses you.
You puncture the goblin!
You kill the goblin!
Things that are here:
a +0 club; a goblin corpse You hear some strange, mumbled words.
A puff of flame appears from out of thin air!
The puff of flame hits you!
* * * LOW HITPOINT WARNING * * *
You see here a +0 dagger.
You hear some strange, mumbled words.
You are confused.
Something hits you! Elyvilon protects you from harm!
You feel your power leaking away.
Okay, then.
Something hits you!
You die...

...... #....##. .....#
#.... . ###### #.... .#
...# ...# ...# †..# #
...###################..###
##............†.@{g)ggg....
#(######################.#
#.# ##.# ...# ...# ...#
...# ...#


You could see Robin, 2 hobgoblins and a goblin.

Vanquished Creatures
  A worm (D:2)
  2 ball pythons
  An endoplasm (D:2)
  7 goblins (D:2)
  2 hobgoblins (D:2)
  12 jackals
  3 kobolds
  2 bats
  A frilled lizard (D:1)
  2 rats (D:2)
33 creatures vanquished.

Notes
Turn   | Place    | Note
-------+----------+-------------------------------------------
     0 | D:1      | flyleaff the Draconian Fighter began the quest for the Orb.
     0 | D:1      | Reached XP level 1. HP: 19/19 MP: 1/1
   255 | D:1      | Found Badyag's Magic Scroll Emporium.
   273 | D:1      | Bought a scroll of identify for 28 gold pieces
   392 | D:1      | Reached XP level 2. HP: 25/26 MP: 2/2
   687 | D:2      | Identified the +2 helmet of the Leaf {rC+}
   687 | D:2      | Noticed Robin
   962 | D:2      | Found a faded altar of an unknown god.
   973 | D:2      | Prayed at the altar of an unknown god.
   973 | D:2      | Became a worshipper of Elyvilon the Healer
   973 | D:2      | Reached * piety under Elyvilon
  1104 | D:2      | Reached XP level 3. HP: 31/31 MP: 3/3
  1255 | D:2      | Noticed Sigmund
  1281 | D:2      | Elyvilon protects you from harm!
  1283 | D:2      | Slain by Sigmund

Illustrated notes

Levels and vault maps discovered:
D:1:      dpeg_arrival_three_same_balls, layout_rooms, serial_shops,
          nicolae_shop_stone
D:2:      layout_basic, hellmonk_ecumenical_altar_zigzags, uniq_robin,
          uniq_sigmund

Skill      XL: |  1  2  3 |
---------------+----------+-----
Dodging        | 3 |  3.0
Fighting       | |  3.6
Polearms       | |  2.9
Shields        | |  3.3

Action                   || total
-------------------------++-------
Melee: Trident           ||    94
       Tailslap          ||     8
  Use: Scroll            ||     6
       Potion            ||     4
Armor: Skin              ||    31
Dodge: Dodged            ||    53
Block: Buckler           ||    15

Table legend: (Time is in decaauts)
 A = Elapsed time spent in this place.
 B = Non-inter-level travel time spent in this place.
 C = Inter-level travel time spent in this place.
 D = Time resting spent in this place.
 E = Time spent auto-exploring this place.
 F = Levels seen in this place.
 G = Mean time per level.
                   A        B        C        D        E       F      G
               +--------+--------+--------+--------+--------+-----+--------+
         Total |   1302 |   1280 |     22 |    121 |    900 |   2 |  651.0 |
       Dungeon |   1302 |   1280 |     22 |    121 |    900 |   2 |  651.0 |
               +--------+--------+--------+--------+--------+-----+--------+

Top non-repeatable levels by time:
     D:1: 668 daAuts
     D:2: 633 daAuts
